 Dungeon Crawl Stone Soup version 0.29.1-12-g30fa7ad0bf (webtiles) character file.

Game seed: 17346891047927693759

116 LustLizard the Shooter (level 4, -1/22 HPs)
             Began as a Spriggan Hunter on Dec 31, 2022.
             Was an Initiate of Dithmenos.
             Hit by a goblin thrown by Robin (3 damage)
             ... on level 3 of the Dungeon.
             The game lasted 00:06:37 (1486 turns).

LustLizard the Shooter (Spriggan Hunter)            Turns: 1486, Time: 00:06:38

Health: -1/22      AC:  2    Str:  7    XL:     4   Next: 70%
Magic:  5/5        EV: 18    Int: 10    God:    Dithmenos [......]
Gold:   131        SH:  0    Dex: 20    Spells: 3/3 levels left

rFire   . . .      SeeInvis +   a - +0 shortbow
rCold   . . .      Faith    .   (shield currently unavailable)
rNeg    . . .      Spirit   .   c - +0 robe
rPois   .          Reflect  .   (helmet restricted)
rElec   .          Harm     .   (no cloak)
rCorr   .          Rampage  .   (gloves unavailable)
Will    .....                   (boots unavailable)
Stlth   +++.......              (no amulet)
HPRegen 0.07/turn               (no ring)
MPRegen 0.09/turn               (no ring)

@: very quick
A: very small, no large weapons, unfitting armour, see invisible, speed 3
a: Renounce Religion


You were on level 3 of the Dungeon.
You worshipped Dithmenos.
Dithmenos was noncommittal.
You visited 1 branch of the dungeon, and saw 3 of its levels.

You collected 131 gold pieces.

Inventory:

Hand Weapons
 a - a +0 shortbow (weapon)
Armour
 c - a +0 robe (worn)
Jewellery
 m - a ring of ice
Scrolls
 b - a scroll of immolation
 d - a scroll of identify {unknown}
 e - 5 scrolls of teleportation {unknown}
 f - a scroll of blinking {unknown}
 g - a scroll of summoning {unknown}
 h - a scroll of vulnerability {unknown}
 k - a scroll of poison {unknown}
 l - a scroll of enchant armour {unknown}
Potions
 i - 2 potions of flight {unknown}
 j - 2 potions of curing {unknown}
 n - a potion of cancellation {unknown}
 o - a potion of brilliance {unknown}


   Skills:
 - Level 1.5 Fighting
 * Level 5.6 Ranged Weapons
 - Level 2.6 Dodging
 - Level 4.0 Stealth


You had 3 spell levels left.
You didn't know any spells.
Your spell library was empty.

Dungeon Overview and Level Annotations

Branches:
Dungeon (3/15)

Altars:
Dithmenos
Uskayaw

Annotations:
D:3 Robin


Innate Abilities, Weirdness & Mutations

You are very small and have problems with some larger weapons.
You are too small for most types of armour.
You have supernaturally acute eyesight. (SInv)
You cover ground extremely quickly. (Speed+++)


Message History

Fire: a) +0 shortbow
Press: ? - help, Q - select action Shift-Dir - straight line, f/p - hobgoblin
Aim: a hobgoblin (severely wounded, 64% to hit)
You shoot an arrow. The arrow barely misses the hobgoblin.
Robin closely misses you. The hobgoblin barely misses you.
Unknown command.
Fire: a) +0 shortbow
Press: ? - help, Q - select action Shift-Dir - straight line, f/p - hobgoblin
Aim: a hobgoblin (severely wounded, 64% to hit)
You shoot an arrow.
The arrow hits the hobgoblin but does no damage.
The hobgoblin is severely wounded.
You hear a shout!
Robin barely misses you. The hobgoblin hits you.
* * * LOW HITPOINT WARNING * * *
Robin roars a battlecry!
The hobgoblin barely misses you.
Fire: a) +0 shortbow
Press: ? - help, Q - select action Shift-Dir - straight line, f/p - hobgoblin
Aim: a hobgoblin (severely wounded, 64% to hit)
You shoot an arrow.
The arrow hits the hobgoblin but does no damage.
The hobgoblin is severely wounded.
The hobgoblin misses you. Robin hits you but does no damage.
Fire: a) +0 shortbow
Press: ? - help, Q - select action Shift-Dir - straight line, f/p - hobgoblin
Aim: a hobgoblin (severely wounded, 64% to hit)
You shoot an arrow. The arrow closely misses the hobgoblin.
Robin hits you with a +0 short sword.
* * * LOW HITPOINT WARNING * * *
The hobgoblin barely misses you.
Fire: a) +0 shortbow
Press: ? - help, Q - select action Shift-Dir - straight line, f/p - hobgoblin
Aim: a hobgoblin (severely wounded, 64% to hit)
You shoot an arrow. The arrow hits the hobgoblin.
You kill the hobgoblin!
Dithmenos accepts your kill.
You hear a shout!
Robin throws the goblin at you!
You die...

### #####8##
#⌠##.g.##
+.+..#@_#
....
##.##.†g##
.....
#⌠.⌠##8##
....#
#####+#####
.# #####
..J.# #..#..#
.. .>.##
....###>...##
#.##...##
..#gg.g..###
.......
.g.#g###.#
#...#
..g....g.#
##<#


You could see Robin and a goblin (strong).

Vanquished Creatures
  Terence (D:3)
  2 adders
  A gnoll (D:1)
  A worm (D:2)
  4 dart slugs
  5 ball pythons
  3 bats
  6 endoplasms
  2 giant cockroaches (D:1)
  2 goblins (D:3)
  7 hobgoblins
  8 jackals
  A quokka (D:2)
  3 frilled lizards
  3 kobolds
  3 rats
  A spectral kobold (D:1)
53 creatures vanquished.

Notes
Turn   | Place    | Note
-------+----------+-------------------------------------------
     0 | D:1      | LustLizard the Spriggan Hunter began the quest for the Orb.
     0 | D:1      | Reached XP level 1. HP: 10/10 MP: 2/2
    77 | D:1      | Found a faded altar of an unknown god.
    81 | D:1      | Reached XP level 2. HP: 14/14 MP: 3/3
   278 | D:1      | Reached XP level 3. HP: 18/18 MP: 4/4
   788 | D:2      | Reached skill level 5 in Ranged Weapons
  1117 | D:2      | Reached XP level 4. HP: 22/22 MP: 5/5
  1244 | D:3      | Found a shadowy altar of Dithmenos.
  1249 | D:3      | Became a worshipper of Dithmenos the Shadowed
  1327 | D:3      | Noticed Terence
  1380 | D:3      | Killed Terence
  1420 | D:3      | Noticed Robin
  1455 | D:3      | Found a hide-covered altar of Uskayaw.
  1486 | D:3      | Hit by a goblin thrown by Robin

Illustrated notes

Levels and vault maps discovered:
D:1:      mrwooster_arrival_statue, layout_basic,
          dreamdust_ecumenical_altar_drowned_temple
D:2:      layout_rooms
D:3:      layout_loops_ring, amethyst_overflow_temple_binary,
          mainiacjoe_overflow_boulevard, gup_sewer_entry_spiral, uniq_terence,
          uniq_jessica, uniq_robin

Skill      XL: |  1  2  3  4 |
---------------+-------------+-----
Stealth        | 2 3 4 |  4.0
Ranged Weapons | 5 |  5.6
Fighting       | |  1.5
Dodging        | |  2.6

Action                   |  1- 3 |  4- 6 || total
-------------------------+-------+-------++-------
 Fire: Shortbow          |   103 |    63 ||   166
Armor: Robe              |     4 |     4 ||     8
Dodge: Dodged            |    52 |    35 ||    87
